 Dungeon Crawl Stone Soup version 0.22.0-49-gab54619 (webtiles) character file.

176600 riellis the Severer (level 18, -3/141 HPs)
             Began as a Formicid Fighter on Sept 3, 2018.
             Was a High Priest of Okawaru.
             Killed from afar by a shock serpent (23 damage)
             ... with a bolt of electricity
             ... on level 3 of the Snake Pit.
             The game lasted 01:58:17 (28221 turns).

riellis the Severer (Formicid Fighter)             Turns: 28221, Time: 01:58:18

Health: -3/141     AC: 34    Str: 25    XL:     18   Next: 80%
Magic:  31/33      EV: 19    Int: 12    God:    Okawaru [*****.]
Gold:   1488       SH: 22    Dex: 17    Spells: 16/17 levels left

rFire    . . .     SeeInvis +   M - +4 battleaxe (drain)
rCold    + . .     Gourm    .   W - +0 large shield {AC+3}
rNeg     + . .     Faith    .   U - +2 chain mail {MR+}
rPois    +         Spirit   .   (helmet unavailable)
rElec    .         Reflect  .   X - +2 cloak {rPois}
rCorr    .         Harm     .   h - +2 pair of gloves {Dex+3}
MR       ++...                  y - +0 pair of boots "Zommyz" {rN+ MP+9 Dex+4 SInv}
Stlth    ..........             D - amulet of regeneration
HPRegen  0.73/turn              C - +5 ring of protection
MPRegen  0.23/turn              V - ring of protection from cold

@: heroism, studying Polearms
A: permanent stasis, dig shafts and tunnels, four strong arms, antennae 3
a: Dig, Shaft Self, Heroism, Finesse, Renounce Religion


You were on level 3 of the Snake Pit.
You worshipped Okawaru.
Okawaru was extremely pleased with you.
You were not hungry.

You visited 5 branches of the dungeon, and saw 27 of its levels.
You also visited: Labyrinth and Ice Cave.

You collected 2411 gold pieces.
You spent 923 gold pieces at shops.

Inventory:

Hand Weapons
 A - a +1 battleaxe of venom
 M - a +4 battleaxe of draining (weapon)
 T - the +6 fustibalus "Stringbean" {freeze, rC+ rN+}
   (Okawaru gifted it to you on level 12 of the Dungeon)

   It causes projectiles fired from it to freeze those they strike, causing
   extra injury to most foes and up to half again as much damage against
   particularly susceptible opponents.
   They can also slow down cold-blooded creatures.
   It protects you from cold.
   It protects you from negative energy.
Missiles
 a - 14 javelins of returning (quivered)
 L - 2 throwing nets
 N - 22 sling bullets
Armour
 h - a +2 pair of gloves of dexterity (worn)
 m - a +2 cloak of magic resistance
 v - a +2 scale mail of fire resistance
 y - the +0 pair of boots "Zommyz" (worn) {rN+ MP+9 Dex+4 SInv}
   (You found it on level 1 of the Lair of Beasts)

   It affects your dexterity (+4).
   It protects you from negative energy.
   It affects your magic capacity (+9).
   It lets you see invisible.
 Q - a +2 chain mail of cold resistance
 U - a +2 chain mail of magic resistance (worn)
 W - a +0 large shield of protection (worn)
 X - a +2 cloak of poison resistance (worn)
Jewellery
 e - the ring of Yrcheovvu {Fire Int+4}
   (You found it on level 3 of the Lair of Beasts)

   [ring of fire]

   It enhances your fire magic.
   It affects your intelligence (+4).
   It protects you from fire.
   It makes you vulnerable to cold.
 n - an uncursed amulet of faith {unknown}
 C - a +5 ring of protection (left hand)
 D - an amulet of regeneration (around neck)
 J - an uncursed amulet of the acrobat
 V - a ring of protection from cold (right hand)
 Y - an uncursed ring of positive energy
Wands
 b - a wand of acid (12)
 u - a wand of enslavement (20)
 w - a wand of disintegration (41)
 H - a wand of flame (14)
 R - a wand of iceblast (21)
 S - a wand of paralysis (33)
Scrolls
 c - 3 scrolls of identify
 l - 2 scrolls of fog
 p - 4 scrolls of brand weapon
 q - 16 scrolls of remove curse
 B - 2 scrolls of magic mapping
 E - 6 scrolls of amnesia
 F - 4 scrolls of enchant weapon
 P - 3 scrolls of enchant armour
Potions
 d - 6 potions of might
 i - 3 potions of curing
 j - 2 potions of invisibility
 o - a potion of flight
 r - 3 potions of cancellation
 s - a potion of heal wounds
 t - 2 potions of agility
 x - 2 potions of ambrosia
 G - 6 potions of mutation
 I - 5 potions of brilliance
 K - 3 potions of magic
 O - 4 potions of lignification
Books
 g - a manual of Polearms
Miscellaneous
 k - a box of beasts
 z - a phial of floods
Comestibles
 f - 28 rations


   Skills:
 + Level 12.4(17.4) Fighting
 * Level 17.7(22.7) Axes
   Level 0.3(16.9) Maces & Flails
 - Level 8.0(13.0) Slings
 + Level 13.2(18.2) Armour
 + Level 11.0(16.0) Dodging
 + Level 12.5(17.5) Shields
 + Level 4.3 Charms
 - Level 8.0 Invocations
 - Level 6.2 Evocations


You had 16 spell levels left.
You knew the following spells:

 Your Spells              Type           Power        Failure   Level  Hunger
a - Infusion              Chrm           ##..         21%         1    ##.....

Your spell library contained the following spells:

 Spells                   Type           Power        Failure   Level  Hunger
 Song of Slaying          Chrm           ##......     30%         2    ###....
 Shroud of Golubria       Chrm/Tloc      #.........   58%         2    ###....
 Magic Dart               Conj           #...         75%         1    ##.....
 Sandblast                Erth           #.....       75%         1    ##.....
 Summon Small Mammal      Summ           #...         75%         1    ##.....
 Regeneration             Chrm/Necr      #.........   82%         3    ####...
 Spectral Weapon          Hex/Chrm       #.......     82%         3    ####...
 Call Imp                 Summ           #.......     86%         2    ###....
 Passwall                 Tmut/Erth      #.......     86%         2    ###....
 Poisonous Vapours        Pois/Air       #.....       86%         2    ###....
 Slow                     Hex            #.......     86%         2    ###....
 Call Canine Familiar     Summ           #.......     98%         3    ####...
 Conjure Flame            Conj/Fire      #.......     98%         3    ####...
 Mephitic Cloud           Conj/Pois/Air  #.......     98%         3    ####...
 Stone Arrow              Conj/Erth      #.....       98%         3    ####...
 Summon Guardian Golem    Hex/Summ       #.......     98%         3    ####...
 Petrify                  Tmut/Erth      #.......     100%        4    #####..
 Summon Ice Beast         Ice/Summ       #.......     100%        4    #####..
 Summon Lightning Spire   Summ/Air       #.......     100%        4    #####..
 Irradiate                Conj/Tmut      #.........   100%        5    ######.
 Lee's Rapid Deconstruct  Erth           #.........   100%        5    ######.
 Freezing Cloud           Conj/Ice/Air   #.........   100%        6    #######
 Hydra Form               Tmut           #.........   100%        6    #######
 Statue Form              Tmut/Erth      #........    100%        6    #######
 Dragon Form              Tmut           #.........   100%        7    #######
 Ring of Flames           Chrm/Fire      #.........   100%        7    #######
 Blink                    Tloc           Unusable     N/A         2    N/A

Dungeon Overview and Level Annotations

Branches:
Dungeon (15/15)            Temple (1/1) D:5            Lair (6/6) D:10
 Shoals (0/4) Lair:3        Snake (3/4) Lair:3        Slime (0/5) Lair:5
    Orc (2/2) D:10            Elf (0/3) Orc:2        Vaults (0/5) D:14
 Depths (0/5) D:15

Altars:
Ashenzari
Cheibriados
Dithmenos
Elyvilon
Fedhas
Gozag
Hepliaklqana
Kikubaaqudgha
Makhleb
Nemelex Xobeh
Okawaru
Qazlal
Ru
Sif Muna
Trog
Uskayaw
Vehumet
Wu Jian
Xom
Yredelemnul
Zin
The Shining One
Beogh

Shops:
D:5 (   D:7 *   D:11 }   Orc:1 (?}?   Orc:2 *[(:   Snake:1 }}=


Innate Abilities, Weirdness & Mutations

You cannot be hasted, slowed, berserked, paralysed or teleported.
You can dig through walls and to a lower floor.
Your four strong arms can wield two-handed weapons with a shield.
You have a pair of large antennae on your head. (SInv)


Message History

The bolt of electricity hits the shock serpent.
The shock serpent completely resists.
The bolt of electricity hits the shock serpent.
The shock serpent completely resists.
The shock serpent shoots out a bolt of lightning at you!
The bolt of electricity hits you!
* * * LOW HITPOINT WARNING * * *
The bolt of electricity hits you!
* * * LOW HITPOINT WARNING * * *
The bolt of electricity hits the shock serpent.
The shock serpent completely resists.
The bolt of electricity hits the shock serpent.
The shock serpent completely resists.
You barely miss the shock serpent.
The shock serpent is heavily wounded.
The shock serpent closely misses you.
You gain the combat prowess of a mighty hero.
The shock serpent shoots out a bolt of lightning at you!
The bolt of electricity misses you. The bolt of electricity hits you!
You die...

#.......##....##
#.....NS......# #
#.[.......#..## .
.....#....#..# .#
...#...#..#N.# #.#
...##....##{###.#
........##.#{#.#
#....##..##.#S####
#....##.###..#{#@#
#....###...####S##
####<# #### ###
###


You could see a shock serpent.

Vanquished Creatures
  Rupert (D:14)
  The ghost of sokol815 the Blocker, an adept GnFi of Gozag (Snake:2)
  Gastronok (Lair:3)
  The ghost of jurchenman the Eclecticist, an adept DEFE of Vehumet (Snake:2)
  Roxanne (D:15)
  Kirke (Lair:5)
  An orc warlord (Orc:2)
  Louise (D:15)
  The ghost of Vultresant the Peltast, a journeyman MiFi of Cheibriados (Snake:2)
  Nessos (D:12)
  6 dire elephants (Lair:6)
  A minotaur (Lab)
  The ghost of Protonic the Blocker, a journeyman MiFi of the Shining One (Lair:3)
  An ettin (Orc:2)
  The ghost of fispok69 the Thaumaturge, a journeyman GnWz of Cheibriados (D:12)
  Josephine (D:10)
  Erolcha (D:10)
  9 hydras
  A rakshasa (D:15)
  Fannar (Orc:1)
  7 anacondas
  Erica (D:8)
  7 naga warriors (Snake:1)
  4 centaur warriors
  2 death knights (D:15)
  7 two-headed ogres
  9 death yaks
  A naga sharpshooter (Snake:1)
  An orc high priest (Orc:2)
  A shock serpent (Snake:2)
  Sonja (Lair:2)
  A shadow wraith (D:14)
  A salamander mystic (Snake:3)
  A fire crab (Lair:1)
  5 skeletal warriors (D:12)
  An unseen horror (D:15)
  A wizard (D:14)
  4 naga ritualists
  A lindwurm (Lair:6)
  A wolf spider zombie (D:11)
  A necromancer (D:15)
  4 orc knights (Orc:2)
  13 ugly things
  2 deep elf magi (D:13)
  4 mana vipers
  3 cyclopes
  A manticore (D:13)
  7 orc sorcerers
  3 salamanders
  11 elephants
  A merfolk siren (Lair:3)
  26 black mambas
  3 ice statues
  A centaur zombie (D:15)
  2 guardian serpents
  6 spiny frogs
  5 centaur skeletons
  A black mamba (shapeshifter) (D:14)
  A gargoyle (D:15)
  9 naga magi
  8 komodo dragons
  5 rime drakes
  8 ice devils (IceCv)
  8 trolls
  A wolf spider simulacrum (D:15)
  2 polar bears
  4 hippogriffs
  7 slime creatures
  20 blink frogs
  A meliai zombie (D:15)
  2 centaur simulacra (D:15)
  Sigmund (D:5)
  A redback (Lab)
  4 wraiths
  A shadow (D:13)
  5 wyverns
  35 yaks
  A hog (Lair:5)
  2 hungry ghosts
  A fire bat (Lair:1)
  2 fire elementals (Lair:1)
  A basilisk (shapeshifter) (D:13)
  A steam dragon (D:9)
  6 basilisks
  3 vampire mosquitoes (D:12)
  5 wargs
  16 nagas
  2 hydra simulacra (Lair:3)
  2 soldier ants (D:13)
  9 water moccasins
  A hell hound (Lair:1)
  2 acid dragons (D:13)
  7 porcupines
  34 orc warriors
  4 ice beasts
  2 phantoms
  7 sky beasts
  18 ogres
  A black bear (D:13)
  3 eyes of draining
  6 wolves (Lair:3)
  26 centaurs
  12 crocodiles
  3 big kobolds
  13 bullfrogs
  2 gnoll sergeants (D:10)
  Blork the orc (Orc:2)
  3 wyvern zombies
  An elf skeleton (D:9)
  A hornet simulacrum (D:15)
  A wyvern skeleton (D:10)
  3 scorpions
  A blink frog simulacrum (Lair:3)
  A lindwurm simulacrum (Lair:3)
  14 wights
  A howler monkey (D:7)
  2 troll skeletons (Lab)
  3 electric eels
  4 lava snakes (Lab)
  A bullfrog zombie (D:12)
  7 crimson imps
  A hippogriff simulacrum (Lair:3)
  A komodo dragon simulacrum (Lair:3)
  A quasit (D:11)
  6 human zombies (D:9)
  15 hounds
  18 orc priests
  2 bullfrog skeletons
  12 jellies
  36 orc wizards
  A water moccasin simulacrum (Lair:3)
  An iguana (D:4)
  10 worker ants
  A hound zombie (D:8)
  2 mummies (D:9)
  A worker ant zombie (D:3)
  A howler monkey zombie (D:7)
  16 gnolls
  13 adders
  2 river rats (D:10)
  4 shadow imps
  6 white imps (IceCv)
  6 oozes
  6 ufetubi (IceCv)
  4 adder zombies
  4 worms
  2 dart slugs
  6 leopard geckos
  97 orcs
  A ball python (D:1)
  7 bats
  5 giant cockroaches
  7 goblins
  6 hobgoblins
  18 jackals
  2 quokkas
  5 frilled lizards
  A jackal skeleton (D:3)
  A jackal zombie (D:3)
  8 kobolds
  A leopard gecko skeleton (D:3)
  An orc skeleton (D:9)
  A quokka zombie (D:9)
  11 rats
  A fungus (Lair:5)
  5 plants
899 creatures vanquished.

Vanquished Creatures (others)
  A reaper (IceCv)
  A rime drake (Lair:3)
  A human (Lair:5)
  3 white imps (IceCv)
  4 ufetubi (IceCv)
  2 bushes (Lair:6)
  23 fungi
  16 plants
51 creatures vanquished.

Grand Total: 950 creatures vanquished

Notes
Turn   | Place    | Note
-------+----------+-------------------------------------------
     0 | D:1      | riellis the Formicid Fighter began the quest for the Orb.
     0 | D:1      | Reached XP level 1. HP: 18/18 MP: 1/1
    27 | D:1      | Reached XP level 2. HP: 22/24 MP: 2/2
   321 | D:1      | Reached XP level 3. HP: 26/29 MP: 3/3
   398 | D:1      | Reached skill level 3 in Axes
  1471 | D:2      | Found a bloodstained altar of Trog.
  1485 | D:2      | Reached XP level 4. HP: 35/35 MP: 4/4
  2170 | D:3      | Reached skill level 1 in Slings
  2392 | D:3      | Reached XP level 5. HP: 38/41 MP: 5/5
  2563 | D:3      | Reached skill level 4 in Axes
  2563 | D:3      | Reached skill level 5 in Shields
  2639 | D:3      | Found a sparkling altar of Nemelex Xobeh.
  2850 | D:3      | Reached XP level 6. HP: 38/47 MP: 6/6
  3080 | D:3      | Found an opulent altar of Gozag.
  3275 | D:3      | Found a white marble altar of Elyvilon.
  3925 | D:4      | Reached skill level 5 in Axes
  3925 | D:4      | Reached XP level 7. HP: 19/52 MP: 7/7
  4057 | D:4      | Found an ornate altar of the Wu Jian Council.
  4057 | D:4      | Found a shattered altar of Ashenzari.
  4298 | D:4      | Found a burning altar of Makhleb.
  4526 | D:5      | Entered Level 5 of the Dungeon
  4537 | D:5      | Noticed Sigmund
  4563 | D:5      | Killed Sigmund
  4608 | D:5      | Found a staircase to the Ecumenical Temple.
  4618 | Temple   | Entered the Ecumenical Temple
  4754 | D:5      | Reached XP level 8. HP: 52/58 MP: 8/8
  4784 | D:5      | Found an iron altar of Okawaru.
  4785 | D:5      | Found a radiant altar of Vehumet.
  4790 | D:5      | Became a worshipper of Warmaster Okawaru
  4847 | D:5      | Reached skill level 6 in Axes
  5211 | D:5      | Found Jeoro's Antique Weapon Shoppe.
  5626 | D:6      | Reached * piety under Okawaru
  5690 | D:6      | Reached skill level 7 in Axes
  5720 | D:6      | Found a burning altar of Makhleb.
  5769 | D:6      | Reached XP level 9. HP: 64/64 MP: 9/9
  5811 | D:6      | Found a stormy altar of Qazlal.
  6001 | D:6      | Reached skill level 5 in Slings
  6083 | D:6      | Found a hazy altar of Hepliaklqana.
  6127 | D:6      | Found a hide-covered altar of Uskayaw.
  6203 | D:6      | Reached ** piety under Okawaru
  6529 | D:7      | Reached skill level 8 in Axes
  6580 | D:7      | Reached skill level 1 in Invocations
  6760 | D:7      | Reached skill level 10 in Shields
  6861 | D:7      | Found Davin's Assorted Antiques.
  6869 | D:7      | Bought a coppery potion for 23 gold pieces
  7169 | D:8      | Reached XP level 10. HP: 70/70 MP: 11/11
  7635 | D:8      | Noticed Erica
  7657 | D:8      | Killed Erica
  7657 | D:8      | Reached *** piety under Okawaru
  7657 | D:8      | Reached skill level 9 in Axes
  7657 | D:8      | Reached skill level 1 in Dodging
  7747 | D:8      | Noticed a two-headed ogre
  7756 | D:8      | Killed a two-headed ogre
  8003 | D:9      | Found a glowing silver altar of Zin.
  8009 | D:9      | Reached **** piety under Okawaru
  8368 | D:9      | Reached skill level 5 in Armour
  8378 | D:9      | Reached XP level 11. HP: 72/75 MP: 14/14
  8544 | D:9      | Reached skill level 10 in Axes
  8624 | D:9      | Found an ancient bone altar of Kikubaaqudgha.
  8721 | D:9      | Noticed a two-headed ogre
  8731 | D:9      | Killed a two-headed ogre
  8731 | D:9      | Reached skill level 5 in Invocations
  8864 | D:10     | Entered Level 10 of the Dungeon
  8962 | D:10     | Noticed Josephine
  9024 | D:10     | Killed Josephine
  9024 | D:10     | Reached ***** piety under Okawaru
  9024 | D:10     | Received a gift from Okawaru
  9199 | D:10     | Found a staircase to the Lair.
  9201 | D:10     | Noticed a death yak
  9201 | D:10     | Noticed a death yak
  9211 | D:10     | Noticed a death yak
  9225 | D:10     | Killed a death yak
  9237 | D:10     | Killed a death yak
  9237 | D:10     | Reached skill level 11 in Axes
  9251 | D:10     | Killed a death yak
  9488 | D:10     | Reached XP level 12. HP: 23/83 MP: 13/17
  9831 | D:10     | Noticed Erolcha
  9845 | D:10     | Killed Erolcha
  9845 | D:10     | Received a gift from Okawaru
  9907 | D:10     | Found a staircase to the Orcish Mines.
 10292 | D:11     | Found a frozen archway.
 10325 | IceCv    | Entered an ice cave
 10392 | IceCv    | Reached skill level 5 in Fighting
 10392 | IceCv    | Reached skill level 5 in Dodging
 10434 | IceCv    | Received a gift from Okawaru
 10610 | IceCv    | Killed a reaper
 10742 | IceCv    | Received a gift from Okawaru
 10777 | IceCv    | Reached skill level 12 in Axes
 11047 | D:11     | Found Oskuokh's Gadget Boutique.
 11246 | D:11     | Received a gift from Okawaru
 11421 | D:11     | Found a bloodstained altar of Trog.
 11604 | D:11     | Noticed an eight-headed hydra
 11614 | D:11     | Killed an eight-headed hydra
 11614 | D:11     | Received a gift from Okawaru
 11737 | D:12     | Found a transporter.
 11740 | D:12     | Noticed fispok69's ghost (journeyman GnWz)
 11740 | D:12     | Noticed a two-headed ogre
 11740 | D:12     | Noticed a two-headed ogre
 11741 | D:12     | Noticed a two-headed ogre
 11742 | D:12     | Noticed a two-headed ogre
 11826 | D:12     | Reached XP level 13. HP: 93/93 MP: 19/19
 12161 | D:12     | Noticed a centaur warrior
 12178 | D:12     | Killed a centaur warrior
 12243 | D:12     | Noticed Nessos
 12308 | D:12     | Killed Nessos
 12308 | D:12     | Received a gift from Okawaru
 12348 | D:12     | Reached skill level 13 in Axes
 12509 | D:12     | Found a transporter.
 12663 | D:13     | Received a gift from Okawaru
 13074 | D:13     | Received a gift from Okawaru
 13793 | D:14     | Noticed a centaur warrior
 13800 | D:14     | Killed a centaur warrior
 14123 | D:14     | Noticed a four-headed hydra
 14136 | D:14     | Reached XP level 14. HP: 96/105 MP: 20/20
 14155 | D:14     | Found a gate to the Vaults.
 14275 | D:14     | Received a gift from Okawaru
 14297 | D:14     | Reached skill level 14 in Axes
 14603 | D:14     | Noticed Rupert
 14625 | D:14     | Killed Rupert
 14648 | D:14     | Reached skill level 10 in Armour
 14850 | Lair:1   | Entered Level 1 of the Lair of Beasts
 14913 | Lair:1   | Found a transporter.
 15002 | Lair:1   | Found a transporter.
 15488 | Lair:1   | You fall through a shaft!
 15500 | Lair:2   | Found a sparkling altar of Nemelex Xobeh.
 15866 | Lair:2   | Noticed Sonja
 15897 | Lair:2   | Killed Sonja
 17121 | Lair:3   | Found a runed gate.
 17173 | Lair:3   | Found a staircase to the Snake Pit.
 17294 | Lair:3   | Noticed Protonic's ghost (journeyman MiFi)
 17315 | Lair:3   | Received a gift from Okawaru
 17554 | Lair:3   | Found a runed gate.
 17584 | Lair:3   | Found a runed gate.
 17605 | Lair:3   | You fall through a shaft for 3 floors!
 17605 | Lair:6   | Entered Level 6 of the Lair of Beasts
 17876 | Lair:6   | Noticed a dire elephant
 17892 | Lair:6   | Killed a dire elephant
 18015 | Lair:6   | Noticed a dire elephant
 18015 | Lair:6   | Noticed a dire elephant
 18030 | Lair:6   | Killed a dire elephant
 18030 | Lair:6   | Reached skill level 15 in Axes
 18030 | Lair:6   | Reached XP level 15. HP: 92/114 MP: 10/21
 18128 | Lair:6   | Got a transparent quarterstaff
 18129 | Lair:6   | Identified the +4 quarterstaff of Royalism {holy, Dex+4}
                  | (You found it on level 6 of the Lair of Beasts)
 18504 | Lair:6   | Received a gift from Okawaru
 18504 | Lair:6   | Reached skill level 10 in Fighting
 18927 | Lair:6   | Identified a scroll of acquirement
 19215 | Lair:6   | Got a translucent silver amulet
 19216 | Lair:6   | Identified the amulet "Pyqenyuh" {+Rage Dex+4} (You found
                  | it on level 6 of the Lair of Beasts)
 19290 | Lair:5   | Noticed Kirke
 19548 | Lair:5   | Found a staircase to the Slime Pits.
 19714 | Lair:5   | Killed Kirke
 19736 | Lair:5   | Reached skill level 16 in Axes
 19796 | Lair:4   | Found a labyrinth entrance.
 19801 | Lab      | Entered a labyrinth
 20091 | Lab      | Received a gift from Okawaru
 20393 | Lair:4   | Received a gift from Okawaru
 20869 | Lair:3   | Reached XP level 16. HP: 124/124 MP: 22/22
 20894 | Lair:3   | Found a staircase to the Shoals.
 20991 | Lair:3   | Received a gift from Okawaru
 21317 | Lair:3   | Noticed Gastronok
 21335 | Lair:3   | Killed Gastronok
 21720 | Lair:3   | Killed Protonic's ghost
 21768 | Lair:3   | Got the ring of Yrcheovvu {Fire}
 21770 | Lair:3   | Identified the ring of Yrcheovvu {Fire Int+4} (You found it
                  | on level 3 of the Lair of Beasts)
 21917 | Lair:1   | Received a gift from Okawaru
 21934 | Lair:1   | Got a pair of ancient boots
 21945 | Lair:1   | Identified the cursed +0 pair of boots "Zommyz" {rN+ MP+9
                  | Dex+4 SInv} (You found it on level 1 of the Lair of Beasts)
 22141 | D:12     | Killed fispok69's ghost
 22141 | D:12     | Received a gift from Okawaru
 22143 | D:12     | Got a polished fustibalus {god gift}
 22144 | D:12     | Identified the +6 fustibalus "Stringbean" {freeze, rC+ rN+}
                  | (Okawaru gifted it to you on level 12 of the Dungeon)
 22178 | D:12     | Got a steaming dire flail {drain}
 22178 | D:12     | Got a warped dire flail {crush}
 22179 | D:12     | Identified the cursed +1 dire flail "Dacs" {drain, rF++
                  | Str+4 Int-4} (You took it off a two-headed ogre on level 12
                  | of the Dungeon)
 22181 | D:12     | Identified the +5 dire flail of Koxal {crush, rPois MR-
                  | Dex+2} (You took it off a two-headed ogre on level 12 of
                  | the Dungeon)
 22272 | Orc:1    | Entered Level 1 of the Orcish Mines
 22317 | Orc:1    | Found Kuchima's Antique Weapon Shoppe.
 22319 | Orc:1    | Found Cimop's Magic Scroll Boutique.
 22455 | Orc:1    | Bought a scroll of identify for 26 gold pieces
 22455 | Orc:1    | Bought a scroll of identify for 26 gold pieces
 22457 | Orc:1    | Bought a scroll of noise for 13 gold pieces
 22495 | Orc:1    | Found Qidih's Gadget Emporium.
 22497 | Orc:1    | Found Qumoptipi's Magic Scroll Shoppe.
 22511 | Orc:1    | Bought a scroll of identify for 30 gold pieces
 22511 | Orc:1    | Bought a scroll of identify for 30 gold pieces
 22511 | Orc:1    | Bought a scroll of identify for 30 gold pieces
 22511 | Orc:1    | Bought a scroll of identify for 30 gold pieces
 22512 | Orc:1    | Reached XP level 17. HP: 131/131 MP: 23/23
 22748 | Orc:1    | Noticed Fannar
 22771 | Orc:1    | Killed Fannar
 22786 | Orc:1    | Found a burning altar of Makhleb.
 22842 | Orc:2    | Entered Level 2 of the Orcish Mines
 22862 | Orc:2    | Reached skill level 10 in Dodging
 23002 | Orc:2    | Found a staircase to the Elven Halls.
 23124 | Orc:2    | Noticed Blork the orc
 23185 | Orc:2    | Killed Blork the orc
 23677 | Orc:2    | Found a roughly hewn altar of Beogh.
 23714 | Orc:2    | Received a gift from Okawaru
 23791 | Orc:2    | Found Ingemif's Antique Weapon Shoppe.
 23809 | Orc:2    | Found Vojer's Book Shoppe.
 23937 | Orc:2    | Found Egid's General Store.
 24037 | Orc:2    | Found Anekelex's Antique Armour Shoppe.
 24277 | Orc:2    | Bought a book of Battle for 520 gold pieces
 24279 | Orc:2    | Learned a level 1 spell: Infusion
 24295 | Orc:2    | Bought an embroidered cloak for 195 gold pieces
 24448 | D:15     | Entered Level 15 of the Dungeon
 24842 | D:15     | Reached skill level 1 in Charms
 25128 | D:15     | Noticed Roxanne
 25159 | D:15     | Killed Roxanne
 25208 | D:15     | Reached skill level 17 in Axes
 25231 | D:15     | Found a staircase to the Depths.
 25320 | D:15     | Reached XP level 18. HP: 120/139 MP: 24/24
 25327 | D:15     | Received a gift from Okawaru
 25395 | D:15     | Noticed Louise
 25431 | D:15     | Killed Louise
 25915 | Snake:1  | Entered Level 1 of the Snake Pit
 26236 | Snake:1  | Reached ****** piety under Okawaru
 26566 | Snake:1  | Received a gift from Okawaru
 26602 | Snake:1  | Found Osilo's Jewellery Emporium.
 26602 | Snake:1  | Found Imosirch's Gadget Shop.
 26622 | Snake:1  | Found Hiutusix's Gadget Shop.
 27337 | Snake:2  | Found a runed gate.
 27338 | Snake:2  | Found a runed gate.
 27339 | Snake:2  | Found a runed gate.
 27340 | Snake:2  | Noticed sokol815's ghost (adept GnFi)
 27340 | Snake:2  | Noticed Vultresant's ghost (journeyman MiFi)
 27341 | Snake:2  | Noticed jurchenman's ghost (adept DEFE)
 27375 | Snake:2  | Killed sokol815's ghost
 27391 | Snake:2  | Killed jurchenman's ghost
 27420 | Snake:2  | Killed Vultresant's ghost
 28144 | Snake:3  | Found the +2 ratskin cloak {+Rats rPois rN+ Str-1 Int-1
                  | Dex+1}
 28221 | Snake:3  | Killed from afar by a shock serpent

Skill      XL: |  1  2  3  4  5  6  7  8  9 10 11 12 13 14 15 16 17 18 |
---------------+-------------------------------------------------------+-----
Shields        | 4 5 6 7 8 10 11 12 | 12.5
Axes           | 3 4 5 7 8 9 11 12 13 15 16 17 | 17.7
Slings         | 1 2 3 4 5 7 8 |  8.0
Invocations    | 2 4 6 8 |  8.0
Armour         | 5 6 7 9 10 11 12 13 | 13.2
Dodging        | 2 4 5 7 8 9 10 11 | 11.0
Fighting       | 4 6 8 9 10 11 12 | 12.4
Evocations     | 6 |  6.2
Charms         | 1 4 |  4.3
Maces & Flails | |  0.3

Action                   |  1- 3 |  4- 6 |  7- 9 | 10-12 | 13-15 | 16-18 || total
-------------------------+-------+-------+-------+-------+-------+-------++-------
Melee: War axe           |    26 |       |   125 |       |   728 |    10 ||   889
       Morningstar       |       |       |    99 |  1035 |   613 |       ||  1747
       Hand axe          |       |       |       |    12 |       |       ||    12
       Demon whip        |       |       |       |       |    35 |       ||    35
       Broad axe         |       |       |       |       |   198 |   286 ||   484
       Unarmed           |       |       |       |       |     7 |       ||     7
       Battleaxe         |       |       |       |       |       |   769 ||   769
 Fire: Hunting sling     |   158 |   279 |   194 |       |       |       ||   631
Throw: Javelin           |       |       |       |       |       |    26 ||    26
Invok: Heroism           |       |       |     1 |    17 |    16 |    12 ||    46
       Finesse           |       |       |       |     3 |     6 |     2 ||    11
 Abil: Dig               |       |       |     3 |    16 |    24 |     6 ||    49
Evoke: Wand              |       |       |       |       |     3 |       ||     3
  Use: Scroll            |     2 |     4 |     7 |     4 |    15 |     5 ||    37
       Potion            |       |       |       |     5 |     2 |     2 ||     9
  Eat: Chunk             |     1 |     8 |    10 |    13 |    24 |    18 ||    74
       Ration            |       |       |     3 |     3 |     6 |     2 ||    14
Armor: Scale mail        |    19 |       |       |       |   329 |    27 ||   375
       Chain mail        |    54 |    77 |   185 |   470 |   194 |   176 ||  1156
Dodge: Dodged            |    54 |    31 |   116 |   404 |   590 |   278 ||  1473
Block: Shield            |    92 |    92 |   199 |   657 |   678 |       ||  1718
       Large shield      |       |       |       |       |   217 |   787 ||  1004
